 Dungeon Crawl Stone Soup version 0.23-a0-391-g8c51ad5 (webtiles) character file.

57028 namelastname112 the Fighter (level 14, -4/195 HPs)
             Began as a Pale Draconian Gladiator on Oct 30, 2018.
             Was an Initiate of Gozag.
             Slain by a hornet (7 damage)
             ... on level 6 of the Lair of Beasts.
             The game lasted 00:39:45 (20346 turns).

namelastname112 the Fighter (DrGl)                 Turns: 20346, Time: 00:39:46

Health: -4/195     AC: 11    Str: 22    XL:     14   Next: 44%
Magic:  14/14      EV: 28    Int: 14    God:    Gozag
Gold:   1880       SH:  7    Dex: 22    Spells: 13/13 levels left

rFire    + + .     SeeInvis .   G - +12 Maxwell's thermic engine {flame, freeze}
rCold    . . .     Gourm    .   h - +0 buckler
rNeg     + . .     Faith    .   (armour unavailable)
rPois    .         Spirit   .   b - +0 hat
rElec    .         Reflect  .   k - +1 cloak {rF+}
rCorr    .         Harm     +   E - +0 pair of gloves
MR       +....                  (no boots)
Stlth    ..........             g - amulet of harm
HPRegen  0.42/turn              O - ring of protection from fire
MPRegen  0.14/turn              D - ring of positive energy

@: mighty, brilliant, agile, berserking (expiring), lethally poisoned (-4 ->
-6), gold aura, studying 2 skills, very quick
A: breathe steam, unfitting armour, cold-blooded, AC +8
a: Breathe Steam, Potion Petition, Call Merchant, Bribe Branch, Renounce
Religion


You were on level 6 of the Lair of Beasts.
You worshipped Gozag.
Gozag was most pleased with you.
You were not hungry.

You visited 2 branches of the dungeon, and saw 18 of its levels.
You also visited: Labyrinth and Volcano.

You collected 5789 gold pieces.
You spent 1540 gold pieces at shops.
You paid 2369 gold pieces to Gozag.

Inventory:

Hand Weapons
 G - the +12 Maxwell's thermic engine (weapon) {flame, freeze}
   (You bought it in a shop on level 7 of the Dungeon)

   It has been specially enchanted to burn those struck by it, causing extra
   injury to most foes and up to half again as much damage against particularly
   susceptible opponents.
   Big, fiery blades are also staple armaments of hydra-hunters.
Missiles
 c - 4 throwing nets (quivered)
 p - 19 steel javelins
Armour
 b - a +0 hat (worn)
 h - a +0 buckler (worn)
 k - a +1 cloak of fire resistance (worn)
 E - a +0 pair of gloves (worn)
Jewellery
 g - an amulet of harm (around neck)
 t - an uncursed ring of fire
 x - an uncursed ring of stealth
 C - an uncursed amulet of the acrobat
 D - a ring of positive energy (right hand)
 L - an uncursed ring of see invisible
 O - a ring of protection from fire (left hand)
Wands
 q - a wand of iceblast (43)
 u - a wand of flame (29)
 v - a wand of random effects (49)
 z - a wand of disintegration (17)
 A - a wand of acid (16)
 B - a wand of paralysis (16)
Scrolls
 a - 2 scrolls of amnesia
 e - 10 scrolls of identify
 f - 5 scrolls of enchant armour
 r - 2 scrolls of enchant weapon
 y - 4 scrolls of immolation
 F - 5 scrolls of remove curse
 H - 2 scrolls of fog
Potions
 i - 12 potions of curing
 j - 3 potions of mutation
 l - 4 potions of flight
 m - 2 potions of agility
 n - 5 potions of brilliance
 o - 2 potions of resistance
 s - 3 potions of invisibility
 w - a potion of cancellation
 I - a potion of berserk rage
 J - a potion of lignification {unknown}
 K - a potion of magic
 P - a potion of haste
Books
 M - a manual of Throwing
 N - a manual of Conjurations
Comestibles
 d - 18 rations


   Skills:
 + Level 13.8 Fighting
 * Level 13.6 Long Blades
   Level 9.1 Axes
 + Level 6.3 Throwing
 + Level 12.0 Dodging
 + Level 7.2 Shields


You had 13 spell levels left.
You didn't know any spells.
Your spell library contained the following spells:

 Spells                   Type           Power        Failure   Level  Hunger
 Animate Skeleton         Necr           N/A          3%          1    ##.....
 Apportation              Tloc           #.....       3%          1    ##.....
 Beastly Appendage        Tmut           #.....       3%          1    ##.....
 Confusing Touch          Hex            #.....       3%          1    ##.....
 Corona                   Hex            #......      3%          1    ##.....
 Freeze                   Ice            #...         3%          1    ##.....
 Infusion                 Chrm           #...         3%          1    ##.....
 Magic Dart               Conj           #...         3%          1    ##.....
 Sandblast                Erth           #.....       3%          1    ##.....
 Summon Small Mammal      Summ           #...         3%          1    ##.....
 Call Imp                 Summ           #.......     5%          2    ###....
 Passwall                 Tmut/Erth      #.......     5%          2    ###....
 Searing Ray              Conj           #.....       5%          2    ###....
 Shroud of Golubria       Chrm/Tloc      #.........   5%          2    ###....
 Slow                     Hex            #.......     5%          2    ###....
 Song of Slaying          Chrm           #.......     5%          2    ###....
 Sticks to Snakes         Tmut           #.......     5%          2    ###....
 Throw Frost              Conj/Ice       #.....       5%          2    ###....
 Call Canine Familiar     Summ           #.......     10%         3    ####...
 Dazzling Spray           Conj/Hex       #.....       10%         3    ####...
 Ignite Poison            Fire/Tmut/Pois #.......     10%         3    ####...
 Inner Flame              Hex/Fire       #.......     10%         3    ####...
 Ozocubu's Armour         Chrm/Ice       #.......     10%         3    ####...
 Portal Projectile        Hex/Tloc       #.....       10%         3    ####...
 Regeneration             Chrm/Necr      #.........   10%         3    ####...
 Spectral Weapon          Hex/Chrm       #.......     10%         3    ####...
 Spider Form              Tmut/Pois      #.........   10%         3    ####...
 Stone Arrow              Conj/Erth      #.....       10%         3    ####...
 Summon Guardian Golem    Hex/Summ       #.......     10%         3    ####...
 Cause Fear               Hex            #.........   28%         4    #####..
 Force Lance              Conj/Tloc      #.......     28%         4    #####..
 Fulminant Prism          Conj/Hex       #.........   28%         4    #####..
 Ice Form                 Ice/Tmut       #.......     28%         4    #####..
 Iskenderun's Mystic Bla  Conj           #.......     28%         4    #####..
 Leda's Liquefaction      Hex/Erth       #.........   28%         4    #####..
 Petrify                  Tmut/Erth      #.......     28%         4    #####..
 Summon Ice Beast         Ice/Summ       #.......     28%         4    #####..
 Summon Lightning Spire   Summ/Air       #.......     28%         4    #####..
 Throw Icicle             Conj/Ice       #.......     28%         4    #####..
 Blade Hands              Tmut           #.........   56%         5    ######.
 Lee's Rapid Deconstruct  Erth           #.........   56%         5    ######.
 Iron Shot                Conj/Erth      #.........   96%         6    #######


Dungeon Overview and Level Annotations

Branches:
Dungeon (12/15)            Temple (0/1) D:4            Lair (6/6) D:9
  Swamp (0/4) Lair:3        Snake (0/4) Lair:2        Slime (0/5) Lair:5
    Orc (0/2) D:12

Altars:
Cheibriados
Fedhas
Gozag
Nemelex Xobeh
Okawaru
Jiyva

Shops:
D:5 %   D:7 *(   Lair:1 ?

Annotations:
D:6 1 runed door, CcS's ghost, novice DEWz
Lair:5 1 runed door


Innate Abilities, Weirdness & Mutations

You can breathe blasts of scalding, opaque steam.
Your pale cyan-grey scales are hard. (AC +8)
You cannot fit into any form of body armour.
You are cold-blooded and may be slowed by cold attacks.


Message History

The torpor snail is severely wounded.
You feel sick. The hornet completely misses you.
You riposte.
You slash the hornet! You burn the hornet!
You kill the hornet!
The hornet misses you. You block the torpor snail's attack.
The hornet misses you.
You take 1 damage, and have 3/195 hp.
You slice the torpor snail!! You burn the torpor snail!
You kill the torpor snail!
Your Dodging skill increases to level 12!
You feel yourself speed up.
You feel sick. The hornet misses you. The hornet completely misses you. x2
You block the hornet's attack.
You take 1 damage, and have 2/195 hp.
You miss the hornet.
You tail-slap the hornet, but do no damage.
The hornet is severely wounded.
The hornet stings you.
You die...
Your body crumbles into a pile of gold.

########## .####
#.##.P.##.
.....#####........#
....##.....#.#...
#..#.....#####..
### ##.....##.# ###
##.###....#.####
##. #.#.Py...#.##
##..
#####...@y..####
#... #.#...#.yy.##
##..# ##...####...#
###..## ##...##
#.#...# #....##
#P.### ##.#..P#
##..##. #..### #
..P.P ##.P#.
#..P.### ...)##
##... ##.....#
).... #....
#.....## ..P


#.PPP You could see 4 hornets.

Vanquished Creatures
  Gastronok (D:8)
  A red draconian (Volcano)
  A minotaur (Lab)
  A fire dragon (Lair:6)
  4 hydras
  6 death yaks (Lair:6)
  A queen ant (Lair:3)
  Sonja (Lair:1)
  A salamander mystic (Volcano)
  2 lindwurms
  2 cyclopes
  3 salamanders (Volcano)
  A manticore (D:11)
  A black mamba (Lair:4)
  2 molten gargoyles (Volcano)
  2 gargoyles
  4 torpor snails (Lair:6)
  3 rime drakes
  12 spiny frogs
  A kobold demonologist (D:12)
  10 komodo dragons
  3 hornets (Lair:6)
  3 trolls
  10 polar bears
  2 tyrant leeches (Lair:6)
  A raiju (Lair:6)
  26 blink frogs
  9 hippogriffs
  2 wyverns (D:9)
  4 fire bats (Volcano)
  A basilisk (D:10)
  30 yaks
  3 hungry ghosts
  Grum (Lair:1)
  3 nagas (Lair:2)
  3 soldier ants (Lair:3)
  6 wargs (Lair:6)
  3 porcupines
  14 hell hounds (Lair:6)
  11 water moccasins
  13 black bears
  6 ice beasts
  4 orc warriors
  5 phantoms
  A sky beast (D:7)
  A necrophage (D:11)
  9 ogres
  7 centaurs
  22 wolves
  8 crocodiles
  A big kobold (D:9)
  13 bullfrogs
  4 scorpions
  2 troll zombies (D:12)
  18 killer bees
  9 wights
  An electric eel (D:9)
  6 crimson imps
  3 centaur zombies
  2 bullfrog zombies
  6 lava snakes (Volcano)
  A quasit (D:7)
  4 jellies
  5 centaur skeletons
  6 hounds
  6 orc wizards
  5 orc priests
  A bullfrog skeleton (D:8)
  7 iguanas
  Terence (D:2)
  24 worker ants
  4 ogre zombies (D:12)
  A hound zombie (D:6)
  7 gnolls
  15 adders
  A shadow imp (D:8)
  3 white imps (D:9)
  An adder zombie (D:6)
  3 dart slugs
  6 leopard geckos
  31 orcs
  10 giant cockroaches
  10 goblins
  10 hobgoblins
  17 jackals
  5 quokkas
  2 ball pythons (D:4)
  7 bats
  7 frilled lizards
  A goblin zombie (D:12)
  2 hobgoblin skeletons (D:12)
  3 hobgoblin zombies (D:12)
  A jackal zombie (D:7)
  16 kobolds
  A leopard gecko skeleton (D:9)
  A leopard gecko zombie (D:5)
  An orc skeleton (D:12)
  12 orc zombies (D:12)
  A quokka zombie (D:6)
  10 rats
  2 plants (Lair:6)
587 creatures vanquished.

Vanquished Creatures (others)
  A salamander (Volcano)
  A worker ant (D:6)
  4 fungi
  14 plants (Lair:6)
20 creatures vanquished.

Grand Total: 607 creatures vanquished

Notes
Turn   | Place    | Note
-------+----------+-------------------------------------------
     0 | D:1      | namelastname112 the Draconian Gladiator began the quest for
                  | the Orb.
     0 | D:1      | Reached XP level 1. HP: 17/17 MP: 1/1
    84 | D:1      | Reached XP level 2. HP: 25/25 MP: 2/2
   281 | D:1      | Reached XP level 3. HP: 30/30 MP: 3/3
   998 | D:2      | Reached XP level 4. HP: 36/38 MP: 4/4
  1060 | D:2      | Noticed Terence
  1075 | D:2      | Killed Terence
  1355 | D:2      | Found an iron altar of Okawaru.
  1355 | D:2      | Found an opulent altar of Gozag.
  1553 | D:2      | Became a worshipper of Gozag Ym Sagoz the Greedy
  1824 | D:3      | Reached XP level 5. HP: 20/45 MP: 5/5
  2175 | D:3      | Found a faded altar of an unknown god.
  2453 | D:3      | Reached skill level 5 in Axes
  2679 | D:4      | Reached XP level 6. HP: 52/52 MP: 6/6
  2831 | D:4      | Found a blossoming altar of Fedhas.
  3374 | D:4      | Found a staircase to the Ecumenical Temple.
  3415 | D:5      | Entered Level 5 of the Dungeon
  3415 | D:5      | Noticed an ice beast
  3426 | D:5      | Found an opulent altar of Gozag.
  3498 | D:5      | Killed an ice beast
  3498 | D:5      | Your scales start taking on a pale cyan-grey colour.
  3498 | D:5      | Reached XP level 7. HP: 53/60 MP: 7/7
  3509 | D:5      | Reached skill level 5 in Fighting
  3887 | D:5      | Reached skill level 5 in Dodging
  3887 | D:5      | Reached XP level 8. HP: 57/69 MP: 8/8
  4231 | D:5      | Found Wupsoly's Food Shop.
  4755 | D:6      | Found a runed door.
  5003 | D:7      | Found Ceimeteubb's Antique Weapon Emporium.
  5108 | D:7      | Reached XP level 9. HP: 61/78 MP: 9/9
  6192 | D:6      | Noticed CcS's ghost (novice DEWz)
  6370 | D:7      | Reached XP level 10. HP: 49/91 MP: 10/10
  6773 | D:8      | Noticed Gastronok
  6789 | D:8      | Killed Gastronok
  6909 | D:8      | Reached skill level 10 in Fighting
  7460 | D:8      | Reached skill level 5 in Long Blades
  7815 | D:8      | Found a sparkling altar of Nemelex Xobeh.
  7867 | D:9      | Found a snail-covered altar of Cheibriados.
  8201 | D:9      | Reached XP level 11. HP: 44/101 MP: 11/11
  8638 | D:9      | Found a staircase to the Lair.
  9873 | D:10     | Entered Level 10 of the Dungeon
 11229 | D:7      | Bought the +2 Maxwell's thermic engine {flame, freeze} for
                  | 1540 gold pieces
 11229 | D:7      | Found the +2 Maxwell's thermic engine {flame, freeze}
 12503 | D:11     | Reached skill level 10 in Dodging
 12608 | D:11     | Noticed a six-headed hydra
 12617 | D:11     | Killed a three-headed hydra
 13078 | D:12     | Found a staircase to the Orcish Mines.
 13100 | D:12     | Reached XP level 12. HP: 103/111 MP: 12/12
 13360 | D:12     | Noticed a storm dragon
 13361 | D:12     | Found the +8 arc blade {discharge, rElec}
 13605 | Lair:1   | Entered Level 1 of the Lair of Beasts
 13744 | Lair:1   | Found a dark tunnel.
 13798 | Volcano  | Entered a volcano
 14042 | Volcano  | Reached skill level 10 in Long Blades
 14042 | Volcano  | Reached skill level 1 in Shields
 14118 | Volcano  | Found a radiant altar of Vehumet.
 14490 | Volcano  | Noticed a red draconian
 14505 | Volcano  | Killed a red draconian
 14757 | Lair:1   | Noticed Grum
 14767 | Lair:1   | Killed Grum
 15300 | Lair:1   | Noticed Sonja
 15310 | Lair:1   | Killed Sonja
 15797 | Lair:2   | Found a staircase to the Snake Pit.
 16212 | Lair:2   | Reached XP level 13. HP: 71/119 MP: 13/13
 16394 | Lair:3   | Found a staircase to the Swamp.
 16682 | Lair:3   | Reached skill level 5 in Shields
 17298 | Lair:4   | You fall through a shaft!
 17389 | Lair:5   | Found a labyrinth entrance.
 17454 | Lab      | Entered a labyrinth
 17899 | Lab      | Noticed a minotaur
 17913 | Lab      | Killed a minotaur
 17927 | Lab      | Identified the Reference Book on the Mutagenic Rocks
 18105 | Lair:5   | Found a runed door.
 18107 | Lair:5   | Found a viscous altar of Jiyva.
 18107 | Lair:5   | Noticed an acid blob
 18154 | Lair:5   | Found a staircase to the Slime Pits.
 18486 | Lair:6   | Entered Level 6 of the Lair of Beasts
 18782 | Lair:6   | Reached XP level 14. HP: 80/129 MP: 14/14
 18789 | Lair:6   | Reached skill level 5 in Throwing
 20002 | Lair:6   | Found a runed door.
 20331 | Lair:6   | Paralysed by a hornet for 1 turns
 20336 | Lair:6   | Paralysed by a hornet for 3 turns
 20341 | Lair:6   | HP: 4/195 [tyrant leech (27)]
 20346 | Lair:6   | Slain by a hornet

Vault maps used:
D:1:      roderic_crop_circles_arrival_small, minivault_4
D:2:      gammafunk_temple_overflow_elements, serial_forest,
          infiniplex_forest_clump_diagonal, infiniplex_forest_corner_1,
          infiniplex_forest_lined_4_way, infiniplex_forest_clump_tiny,
          infiniplex_forest_lined_4_way, infiniplex_forest_clump_large,
          infiniplex_forest_straight_1, uniq_terence
D:3:      chequers_ecumenical_altar_island
D:4:      temple_pool_b, serial_corexii_hall, chequers_hall_statues_wall_a,
          corexii_hall_statues_x, fedhas_altar_3
D:5:      serial_shops, shop, first_ration, grunt_gozag_statues
D:6:      ebering_ghost_sewer_d
D:7:      serial_shops, nicolae_shop_competitors_out_of_business
D:8:      lemuel_coloured_pillars_altar, serial_glass, glass_columns_c,
          glass_columns_a, uniq_gastronok
D:9:      cheibriados_altar_1, lair_entry_dummy, serial_ice, serial_ice_e,
          serial_ice_h, serial_ice_l, serial_ice_f
D:11:     kennysheep_generic_room_8
D:12:     minmay_shoctagon, zombieorc1_lemuel
Lair:1:   nicolae_volcano_entry_vermiform, uniq_grum, uniq_sonja
Lair:2:   guppyfry_snake_entry_island, chequers_serial_rivers_room_a,
          grunt_megastairs_1
Lair:3:   swamp_mist, minmay_another_anthill
Lair:4:   minmay_lair_drake_nest
Lair:5:   slime_altar_2, lab_entry_generic
Lair:6:   hangedman_lair_caniforms_friends, wormcave
Volcano:  volcano_grotto

Skill      XL: |  1  2  3  4  5  6  7  8  9 10 11 12 13 14 |
---------------+-------------------------------------------+-----
Dodging        | 3 4 5 6 8 9 10 11 12 | 12.0
Fighting       | 3 4 5 6 9 10 11 12 13 | 13.8
Axes           | 4 5 6 7 8 9 |  9.1
Long Blades    | 6 9 11 13 | 13.6
Shields        | 4 6 7 |  7.2
Throwing       | 4 6 |  6.3

Action                   |  1- 3 |  4- 6 |  7- 9 | 10-12 | 13-15 || total
-------------------------+-------+-------+-------+-------+-------++-------
Melee: War axe           |   103 |   248 |   281 |   146 |       ||   778
       Tailslap          |     9 |    41 |    45 |    99 |    82 ||   276
       Hand axe          |       |       |       |   153 |       ||   153
       Double sword      |       |       |       |   301 |   465 ||   766
Throw: Throwing net      |       |       |       |     1 |       ||     1
Invok: Potion Petition   |       |     1 |       |       |     2 ||     3
       Call Merchant     |       |       |     1 |     1 |       ||     2
 Abil: Breathe Steam     |       |       |    19 |    18 |     2 ||    39
Evoke: Wand              |       |       |       |     7 |       ||     7
  Use: Scroll            |       |     5 |     2 |    18 |     4 ||    29
       Potion            |       |     5 |       |     2 |     2 ||     9
 Stab: Sleeping          |     1 |     2 |     1 |    19 |     1 ||    24
       Distracted        |       |     1 |     2 |     5 |     6 ||    14
       Paralysed         |       |       |       |     6 |       ||     6
       Invisible         |       |       |       |     1 |     1 ||     2
  Eat: Chunk             |       |     2 |       |       |       ||     2
       Ration            |       |     2 |     3 |    12 |     4 ||    21
Armor: Skin              |    38 |    91 |    86 |   120 |    61 ||   396
Dodge: Dodged            |    60 |   253 |   248 |   508 |   351 ||  1420
Block: Buckler           |       |       |       |    28 |   110 ||   138
       Rpst.: Double sword |       |       |       |    72 |    85 ||   157

Table legend:
 A = Non-vault XP
 B = Vault XP
 C = Vault XP percentage of total XP
 D = Non-vault monster count
 E = Vault monster count
 F = Vault count percentage of total count
                 A         B        C        D         E       F
            +---------+---------+-------+---------+---------+-------
      Total |   51802 |   29667 |  36.4 |     437 |     150 |  25.6
            +---------+---------+-------+---------+---------+-------
        D:1 |      62 |       0 |   0.0 |      36 |       0 |   0.0
        D:2 |      57 |      36 |  38.7 |      20 |       1 |   4.8
        D:3 |     188 |       0 |   0.0 |      27 |       0 |   0.0
        D:4 |     442 |       0 |   0.0 |      23 |       0 |   0.0
        D:5 |     920 |       0 |   0.0 |      20 |       0 |   0.0
        D:6 |    1444 |       0 |   0.0 |      30 |       0 |   0.0
        D:7 |    2571 |       0 |   0.0 |      31 |       0 |   0.0
        D:8 |    1219 |    2213 |  64.5 |      22 |       1 |   4.3
        D:9 |    3598 |     570 |  13.7 |      42 |       6 |  12.5
       D:10 |    2325 |       0 |   0.0 |      27 |       0 |   0.0
       D:11 |    4688 |       0 |   0.0 |      36 |       0 |   0.0
       D:12 |    1152 |     696 |  37.7 |       7 |      28 |  80.0
     Lair:1 |    3971 |    1971 |  33.2 |      20 |       6 |  23.1
     Lair:2 |    4074 |     889 |  17.9 |      15 |       4 |  21.1
     Lair:3 |    5897 |    1835 |  23.7 |      20 |      19 |  48.7
     Lair:4 |    3729 |       0 |   0.0 |      15 |       0 |   0.0
     Lair:5 |    3899 |       0 |   0.0 |      13 |       0 |   0.0
     Lair:6 |   10351 |   15718 |  60.3 |      32 |      67 |  67.7
        Lab |    1215 |       0 |   0.0 |       1 |       0 |   0.0
    Volcano |       0 |    5739 | 100.0 |       0 |      18 | 100.0
            +---------+---------+-------+---------+---------+-------
